2279 views
Uploaded 2024-03-16 02:28:02
Game version 1.36 (6115)
47:53 long 3on3 ladder game on (6)RuinsOfStratholme
Saved by GIGA
2279 views
Uploaded 2024-03-16 02:28:02
Game version 1.36 (6115)
47:53 long 3on3 ladder game on (6)RuinsOfStratholme


100 units @ 9.9k
/ 1.3k
110 buildings @ 10.2k
/ 4.6k



| Healing Salve | 1 | 100 |
| total: | 1 | 100g |
| Peasant | 23 | 1725 | / | 0 |
| Mortar Team | 3 | 540 | / | 210 |
| Flying Machine | 18 | 1800 | / | 540 |
| total: | 44 | 4065g | / | 750w |
| Scout Tower | 14 | 420 | / | 280 |
| Arcane Tower | 2 | 140 | / | 100 |
| Guard Tower | 6 | 420 | / | 300 |
| Altar of Kings | 2 | 360 | / | 100 |
| Farm | 15 | 1200 | / | 300 |
| Lumber Mill | 1 | 120 | / | 0 |
| Town Hall | 2 | 770 | / | 410 |
| Blacksmith | 1 | 140 | / | 60 |
| Workshop | 3 | 420 | / | 420 |
| Keep | 1 | 320 | / | 210 |
| Castle | 1 | 360 | / | 210 |
| total: | 38 | 3430g | / | 1570w |
| 0:02 | Peasant |
| 0:05 | Altar of Kings |
| 0:07 | Peasant |
| 0:21 | Farm |
| 0:23 | Peasant |
| 0:29 | Peasant |
| 0:54 | Lumber Mill |
| 0:56 | Peasant |
| 1:00 | Farm |
| 1:03 | Peasant |
| 1:17 | Peasant |
| 1:31 | Peasant |
| 1:42 | Peasant |
| 1:45 | Peasant |
| 1:59 | Peasant |
| 2:01 | Scout Tower |
| 2:11 | Storm Bolt |
| 2:16 | Peasant |
| 2:30 | Peasant |
| 2:33 | Arcane Tower |
| 3:30 | Town Hall |
| 3:36 | Scout Tower |
| 3:39 | Scout Tower |
| 3:40 | Scout Tower |
| 3:46 | Peasant |
| 3:46 | Peasant |
| 3:48 | Improved Lumber Harvesting |
| 3:49 | Improved Masonry |
| 3:59 | Scout Tower |
| 3:59 | Scout Tower |
| 4:07 | Arcane Tower |
| 4:10 | Peasant |
| 4:24 | Guard Tower |
| 4:34 | Scout Tower |
| 4:35 | Scout Tower |
| 4:46 | Keep |
| 5:04 | Peasant |
| 5:04 | Peasant |
| 5:11 | Guard Tower |
| 5:23 | Blacksmith |
| 5:38 | Scout Tower |
| 5:39 | Scout Tower |
| 5:41 | Guard Tower |
| 5:44 | Scout Tower |
| 5:51 | Peasant |
| 5:59 | Bash |
| 6:09 | Scout Tower |
| 6:10 | Scout Tower |
| 6:14 | Guard Tower |
| 6:16 | Scout Tower |
| 6:45 | Guard Tower |
| 6:49 | Black Gunpowder |
| 7:12 | Castle |
| 7:15 | Workshop |
| 7:20 | Workshop |
| 7:22 | Workshop |
| 7:29 | Healing Salve |
| 7:39 | Guard Tower |
| 9:00 | Flak Cannons |
| 9:01 | Flare |
| 9:01 | Mortar Team |
| 9:06 | Farm |
| 9:06 | Farm |
| 9:07 | Farm |
| 9:08 | Farm |
| 9:08 | Farm |
| 9:09 | Farm |
| 10:00 | Flying Machine Bombs |
| 10:01 | Fragmentation Shards |
| 10:04 | Farm |
| 10:05 | Farm |
| 10:57 | Peasant |
| 10:57 | Peasant |
| 10:57 | Peasant |
| 10:59 | Peasant |
| 11:12 | Flying Machine |
| 11:12 | Flying Machine |
| 11:12 | Flying Machine |
| 11:13 | Flying Machine |
| 11:13 | Flying Machine |
| 11:13 | Flying Machine |
| 11:13 | Flying Machine |
| 11:24 | Holy Light |
| 12:42 | Divine Shield |
| 13:27 | Flying Machine |
| 13:27 | Flying Machine |
| 13:27 | Flying Machine |
| 13:27 | Flying Machine |
| 13:28 | Flying Machine |
| 13:28 | Flying Machine |
| 13:28 | Flying Machine |
| 13:38 | Refined Gunpowder |
| 14:26 | Farm |
| 14:27 | Farm |
| 14:28 | Farm |
| 16:25 | Town Hall |
| 16:35 | Imbued Gunpowder |
| 16:35 | Iron Plating |
| 17:28 | Divine Shield |
| 17:29 | Divine Shield |
| 17:30 | Divine Shield |
| 17:30 | Divine Shield |
| 17:31 | Divine Shield |
| 17:31 | Divine Shield |
| 17:31 | Divine Shield |
| 17:31 | Divine Shield |
| 17:31 | Divine Shield |
| 17:32 | Divine Shield |
| 17:32 | Divine Shield |
| 17:32 | Divine Shield |
| 20:01 | Altar of Kings |
| 21:22 | Flying Machine |
| 21:23 | Flying Machine |
| 21:23 | Flying Machine |
| 23:13 | Steel Plating |
| 24:02 | Storm Bolt |
| 24:30 | Brilliance Aura |
| 24:36 | Mortar Team |
| 25:21 | Flying Machine |
| 27:23 | Bash |
| 28:18 | Summon Water Elemental |
| 28:24 | Holy Light |
| 32:08 | Mortar Team |
| 37:23 | Farm |
| 37:30 | Farm |
| Right click | 2046 |
| Select group | 860 |
| Select | 485 |
| Misc. action | 146 |
| Build/train/purchase | 129 |
| Use ability | 82 |
| Assign group | 24 |
| Resource trade | 10 |
| Minimap ping | 9 |
| Item give/drop | 1 |



| Peasant | 18 | 1350 | / | 0 |
| Dragonhawk Rider | 4 | 800 | / | 120 |
| total: | 22 | 2150g | / | 120w |
| Scout Tower | 33 | 990 | / | 660 |
| Arcane Tower | 5 | 350 | / | 250 |
| Guard Tower | 10 | 700 | / | 500 |
| Altar of Kings | 2 | 360 | / | 100 |
| Farm | 8 | 640 | / | 160 |
| Lumber Mill | 2 | 240 | / | 0 |
| Town Hall | 1 | 385 | / | 205 |
| Arcane Vault | 2 | 260 | / | 60 |
| Gryphon Aviary | 2 | 280 | / | 300 |
| Keep | 1 | 320 | / | 210 |
| Castle | 1 | 360 | / | 210 |
| total: | 50 | 3155g | / | 1485w |
| 0:04 | Peasant |
| 0:04 | Peasant |
| 0:11 | Altar of Kings |
| 0:18 | Farm |
| 0:21 | Farm |
| 0:32 | Peasant |
| 0:47 | Peasant |
| 0:56 | Lumber Mill |
| 1:02 | Peasant |
| 1:05 | Peasant |
| 1:33 | Peasant |
| 1:37 | Improved Lumber Harvesting |
| 1:39 | Peasant |
| 1:55 | Peasant |
| 2:15 | Storm Bolt |
| 2:43 | Peasant |
| 2:43 | Peasant |
| 3:17 | Scout Tower |
| 3:18 | Scout Tower |
| 3:20 | Scout Tower |
| 3:21 | Scout Tower |
| 3:30 | Peasant |
| 3:31 | Peasant |
| 3:31 | Peasant |
| 3:34 | Improved Masonry |
| 3:37 | Scout Tower |
| 3:38 | Scout Tower |
| 3:41 | Peasant |
| 4:06 | Arcane Tower |
| 4:08 | Guard Tower |
| 4:11 | Scout Tower |
| 4:16 | Keep |
| 4:20 | Farm |
| 4:41 | Guard Tower |
| 4:56 | Guard Tower |
| 4:59 | Scout Tower |
| 5:00 | Scout Tower |
| 5:05 | Scout Tower |
| 5:08 | Scout Tower |
| 5:10 | Scout Tower |
| 5:11 | Scout Tower |
| 5:28 | Guard Tower |
| 5:42 | Scout Tower |
| 5:42 | Scout Tower |
| 5:43 | Scout Tower |
| 5:44 | Scout Tower |
| 5:45 | Scout Tower |
| 5:45 | Scout Tower |
| 5:49 | Scout Tower |
| 5:49 | Scout Tower |
| 5:51 | Guard Tower |
| 6:22 | Guard Tower |
| 6:27 | Arcane Tower |
| 6:49 | Guard Tower |
| 6:53 | Scout Tower |
| 6:53 | Scout Tower |
| 6:54 | Scout Tower |
| 7:01 | Scout Tower |
| 7:02 | Scout Tower |
| 7:04 | Scout Tower |
| 7:05 | Scout Tower |
| 7:06 | Guard Tower |
| 7:12 | Advanced Masonry |
| 7:20 | Castle |
| 7:37 | Arcane Tower |
| 7:44 | Scout Tower |
| 7:45 | Scout Tower |
| 7:49 | Arcane Tower |
| 7:51 | Guard Tower |
| 8:12 | Holy Light |
| 8:37 | Bash |
| 9:26 | Arcane Tower |
| 9:31 | Scout Tower |
| 9:32 | Scout Tower |
| 9:32 | Scout Tower |
| 9:44 | Gryphon Aviary |
| 9:57 | Town Hall |
| 10:05 | Arcane Vault |
| 10:21 | Peasant |
| 11:00 | Peasant |
| 11:00 | Peasant |
| 11:08 | Imbued Masonry |
| 11:18 | Cloud |
| 12:07 | Gryphon Aviary |
| 12:27 | Guard Tower |
| 12:31 | Lumber Mill |
| 13:47 | Dragonhawk Rider |
| 13:47 | Dragonhawk Rider |
| 13:48 | Dragonhawk Rider |
| 13:56 | Altar of Kings |
| 14:04 | Farm |
| 14:05 | Farm |
| 16:14 | Farm |
| 16:15 | Farm |
| 16:17 | Farm |
| 17:27 | Holy Light |
| 19:42 | Storm Bolt |
| 21:57 | Arcane Vault |
| 23:07 | Dragonhawk Rider |
| 27:22 | Devotion Aura |
| 28:30 | Bash |
| 28:37 | Brilliance Aura |
| 29:03 | Divine Shield |
| 29:10 | Storm Bolt |
| 30:37 | Storm Bolt |
| Right click | 2775 |
| Select group | 1952 |
| Select | 464 |
| Chat | 135 |
| Build/train/purchase | 110 |
| Use ability | 48 |
| Minimap ping | 25 |
| Assign group | 20 |
| Resource trade | 10 |
| Misc. action | 5 |
| Remove unit | 1 |
| Esc | 1 |
Cabeelibob
(194)
(44:27) : 
| Lesser Clarity Potion | 2 | 140 |
| Healing Salve | 1 | 100 |
| Potion of Healing | 1 | 150 |
| Potion of Mana | 1 | 200 |
| Orb of Lightning | 1 | 375 |
| Tiny Great Hall | 1 | 600 |
| Scroll of Town Portal | 1 | 350 |
| Boots of Speed | 1 | 250 |
| Staff of Teleportation | 1 | 150 |
| total: | 10 | 2315g |
| Peon | 21 | 1575 | / | 0 |
| Troll Batrider | 3 | 480 | / | 120 |
| Kodo Beast | 2 | 510 | / | 120 |
| Troll Witch Doctor | 8 | 1160 | / | 200 |
| total: | 34 | 3725g | / | 440w |
| Watch Tower | 3 | 330 | / | 240 |
| Altar of Storms | 5 | 900 | / | 250 |
| Orc Burrow | 7 | 1120 | / | 280 |
| War Mill | 1 | 205 | / | 0 |
| Voodoo Lounge | 1 | 130 | / | 30 |
| Great Hall | 1 | 385 | / | 185 |
| Spirit Lodge | 3 | 450 | / | 450 |
| Beastiary | 1 | 145 | / | 140 |
| Stronghold | 1 | 315 | / | 190 |
| Fortress | 1 | 325 | / | 190 |
| total: | 22 | 3665g | / | 1575w |
| 0:07 | Altar of Storms |
| 0:12 | Orc Burrow |
| 0:13 | Peon |
| 0:14 | Peon |
| 0:25 | Peon |
| 0:42 | Peon |
| 1:04 | War Mill |
| 1:08 | Peon |
| 1:20 | Peon |
| 1:46 | Peon |
| 1:57 | Voodoo Lounge |
| 2:01 | Peon |
| 2:26 | Spiked Barricades |
| 2:27 | Peon |
| 2:27 | Peon |
| 2:34 | Watch Tower |
| 2:39 | Wind Walk |
| 2:52 | Peon |
| 3:30 | Orc Burrow |
| 3:34 | Lesser Clarity Potion |
| 3:34 | Lesser Clarity Potion |
| 3:37 | Healing Salve |
| 4:49 | Stronghold |
| 6:46 | Watch Tower |
| 7:15 | Critical Strike |
| 8:18 | Peon |
| 8:19 | Peon |
| 8:19 | Peon |
| 8:19 | Peon |
| 9:33 | Fortress |
| 9:40 | Orc Burrow |
| 9:43 | Watch Tower |
| 9:47 | Potion of Healing |
| 9:47 | Potion of Mana |
| 9:52 | Scroll of Town Portal |
| 10:19 | Steel Ranged Weapons |
| 10:21 | Reinforced Defenses |
| 10:36 | Boots of Speed |
| 10:37 | Staff of Teleportation |
| 11:04 | Improved Spiked Barricades |
| 12:47 | Spirit Lodge |
| 12:53 | Beastiary |
| 13:03 | Orb of Lightning |
| 13:04 | Tiny Great Hall |
| 15:04 | Critical Strike |
| 15:26 | War Drums Damage Increase |
| 15:27 | Witch Doctor Adept Training |
| 15:33 | Orc Burrow |
| 16:10 | Troll Batrider |
| 16:12 | Kodo Beast |
| 16:13 | Troll Batrider |
| 16:13 | Troll Batrider |
| 16:27 | Witch Doctor Master Training |
| 16:29 | Troll Witch Doctor |
| 16:30 | Troll Witch Doctor |
| 16:30 | Troll Witch Doctor |
| 16:30 | Troll Witch Doctor |
| 17:19 | Altar of Storms |
| 17:25 | Orc Burrow |
| 17:31 | Altar of Storms |
| 18:09 | Orc Burrow |
| 18:53 | Peon |
| 18:53 | Peon |
| 18:53 | Peon |
| 18:53 | Peon |
| 19:00 | Peon |
| 20:16 | Altar of Storms |
| 21:21 | Kodo Beast |
| 21:35 | Spirit Lodge |
| 21:47 | Orc Burrow |
| 21:51 | Spirit Lodge |
| 21:54 | Altar of Storms |
| 23:10 | Troll Witch Doctor |
| 23:10 | Troll Witch Doctor |
| 23:11 | Troll Witch Doctor |
| 23:11 | Troll Witch Doctor |
| 25:27 | Great Hall |
| 28:48 | Peon |
| 29:09 | Bash |
| 29:14 | Holy Light |
| 30:47 | Wind Walk |
| Right click | 1139 |
| Select | 242 |
| Chat | 212 |
| Select group | 128 |
| Build/train/purchase | 115 |
| Misc. action | 81 |
| Resource trade | 44 |
| Use ability | 26 |
| Minimap ping | 14 |
| Assign group | 5 |
| Item give/drop | 3 |
| Remove unit | 3 |
| Esc | 1 |
172 units @ 28.1k
/ 4.3k
112 buildings @ 16.7k
/ 6k


| Rod of Necromancy | 5 | 750 |
| Sacrificial Skull | 2 | 100 |
| Potion of Healing | 3 | 450 |
| Scroll of Town Portal | 2 | 700 |
| Boots of Speed | 1 | 250 |
| Scroll of Protection | 1 | 150 |
| Potion of Lesser Invulnerability | 5 | 750 |
| total: | 19 | 3150g |
| Acolyte | 16 | 1200 | / | 0 |
| Ghoul | 21 | 2520 | / | 0 |
| Obsidian Statue | 3 | 600 | / | 105 |
| Meat Wagon | 5 | 1150 | / | 250 |
| Abomination | 2 | 480 | / | 140 |
| Crypt Fiend | 6 | 1290 | / | 240 |
| Gargoyle | 6 | 1050 | / | 180 |
| Assassin | 8 | 2000 | / | 240 |
| Kobold Geomancer | 3 | 765 | / | 90 |
| Forest Troll High Priest | 2 | 610 | / | 80 |
| total: | 72 | 11665g | / | 1325w |
| Nerubian Tower | 5 | 500 | / | 100 |
| Spirit Tower | 8 | 1160 | / | 320 |
| Crypt | 3 | 600 | / | 150 |
| Altar of Darkness | 2 | 360 | / | 100 |
| Ziggurat | 21 | 3150 | / | 1050 |
| Tomb of Relics | 3 | 390 | / | 90 |
| Graveyard | 2 | 430 | / | 0 |
| Necropolis | 6 | 1350 | / | 0 |
| Slaughterhouse | 4 | 560 | / | 540 |
| Halls of the Dead | 3 | 960 | / | 630 |
| Black Citadel | 2 | 650 | / | 460 |
| total: | 41 | 6840g | / | 1930w |
| 0:03 | Acolyte |
| 0:03 | Acolyte |
| 0:25 | Crypt |
| 0:27 | Altar of Darkness |
| 0:33 | Ziggurat |
| 1:18 | Tomb of Relics |
| 1:22 | Graveyard |
| 1:29 | Ghoul |
| 1:36 | Ghoul |
| 1:58 | Ghoul |
| 2:07 | Ziggurat |
| 2:17 | Ghoul |
| 2:28 | Sleep |
| 2:28 | Rod of Necromancy |
| 2:41 | Ghoul |
| 2:44 | Sacrificial Skull |
| 2:47 | Unholy Strength |
| 2:59 | Ghoul |
| 2:59 | Ghoul |
| 3:10 | Ghoul |
| 3:10 | Ghoul |
| 3:38 | Ghoul |
| 3:45 | Acolyte |
| 3:48 | Ziggurat |
| 4:22 | Vampiric Aura |
| 4:52 | Ziggurat |
| 4:54 | Necropolis |
| 4:54 | Ghoul |
| 4:59 | Necropolis |
| 5:14 | Ghoul |
| 5:20 | Rod of Necromancy |
| 5:22 | Sacrificial Skull |
| 5:39 | Halls of the Dead |
| 5:44 | Ziggurat |
| 6:13 | Unholy Armor |
| 6:19 | Boots of Speed |
| 6:22 | Vampiric Aura |
| 6:33 | Acolyte |
| 6:33 | Acolyte |
| 6:33 | Acolyte |
| 6:33 | Acolyte |
| 6:35 | Acolyte |
| 6:35 | Acolyte |
| 7:02 | Assassin |
| 7:58 | Nerubian Tower |
| 7:59 | Spirit Tower |
| 8:04 | Spirit Tower |
| 8:45 | Nerubian Tower |
| 8:57 | Acolyte |
| 8:57 | Acolyte |
| 8:58 | Ziggurat |
| 9:00 | Death Coil |
| 9:04 | Ziggurat |
| 9:22 | Crypt |
| 9:23 | Ziggurat |
| 9:37 | Ghoul |
| 9:39 | Slaughterhouse |
| 9:41 | Slaughterhouse |
| 9:42 | Slaughterhouse |
| 9:44 | Ghoul |
| 9:44 | Ghoul |
| 10:04 | Tomb of Relics |
| 10:06 | Ghoul |
| 10:07 | Ghoul |
| 10:16 | Assassin |
| 10:37 | Scroll of Town Portal |
| 10:37 | Potion of Healing |
| 10:40 | Rod of Necromancy |
| 10:45 | Obsidian Statue |
| 10:51 | Obsidian Statue |
| 11:07 | Ghoul |
| 11:12 | Slaughterhouse |
| 11:16 | Scroll of Protection |
| 11:18 | Potion of Lesser Invulnerability |
| 11:35 | Spirit Tower |
| 11:37 | Nerubian Tower |
| 11:38 | Spirit Tower |
| 11:54 | Black Citadel |
| 12:16 | Sleep |
| 13:25 | Meat Wagon |
| 13:28 | Ghoul |
| 13:35 | Improved Unholy Strength |
| 13:36 | Improved Unholy Armor |
| 13:38 | Ziggurat |
| 13:40 | Ziggurat |
| 14:07 | Rod of Necromancy |
| 14:09 | Scroll of Town Portal |
| 14:25 | Ghoul Frenzy |
| 14:26 | Disease Cloud |
| 14:26 | Abomination |
| 14:48 | Creature Carapace |
| 15:04 | Web |
| 15:05 | Crypt Fiend |
| 15:06 | Burrow |
| 15:20 | Crypt Fiend |
| 15:51 | Assassin |
| 15:53 | Kobold Geomancer |
| 16:06 | Destroyer Form |
| 16:57 | Crypt Fiend |
| 17:14 | Unholy Aura |
| 17:50 | Potion of Lesser Invulnerability |
| 19:58 | Abomination |
| 20:18 | Vampiric Aura |
| 21:24 | Meat Wagon |
| 24:44 | Potion of Lesser Invulnerability |
| 24:44 | Potion of Lesser Invulnerability |
| 27:20 | Meat Wagon |
| 27:22 | Altar of Darkness |
| 27:24 | Crypt |
| 27:42 | Ziggurat |
| 27:43 | Ziggurat |
| 27:44 | Ziggurat |
| 27:45 | Ziggurat |
| 27:46 | Ziggurat |
| 27:48 | Necropolis |
| 27:52 | Meat Wagon |
| 28:28 | Ghoul |
| 28:34 | Spirit Tower |
| 28:41 | Graveyard |
| 29:03 | Assassin |
| 29:04 | Assassin |
| 29:04 | Kobold Geomancer |
| 29:15 | Ghoul |
| 30:01 | Forest Troll High Priest |
| 30:01 | Forest Troll High Priest |
| 30:30 | Crypt Fiend |
| 30:35 | Spirit Tower |
| 30:37 | Nerubian Tower |
| 30:39 | Spirit Tower |
| 30:39 | Spirit Tower |
| 30:43 | Cannibalize |
| 30:44 | Acolyte |
| 31:03 | Meat Wagon |
| 31:09 | Crypt Fiend |
| 31:20 | Acolyte |
| 31:24 | Creature Attack |
| 32:18 | Halls of the Dead |
| 32:21 | Crypt Fiend |
| 32:25 | Necropolis |
| 32:27 | Ziggurat |
| 33:10 | Death Coil |
| 34:13 | Acolyte |
| 34:14 | Acolyte |
| 34:14 | Acolyte |
| 36:01 | Tomb of Relics |
| 37:07 | Inferno |
| 37:26 | Ziggurat |
| 37:45 | Obsidian Statue |
| 37:48 | Assassin |
| 37:48 | Kobold Geomancer |
| 38:05 | Necropolis |
| 38:30 | Rod of Necromancy |
| 38:30 | Potion of Healing |
| 38:36 | Potion of Healing |
| 39:16 | Necropolis |
| 39:32 | Potion of Lesser Invulnerability |
| 40:30 | Assassin |
| 40:30 | Assassin |
| 40:42 | Gargoyle |
| 41:20 | Gargoyle |
| 41:21 | Gargoyle |
| 41:21 | Gargoyle |
| 42:22 | Gargoyle |
| 42:22 | Gargoyle |
| 47:10 | Ziggurat |
| 47:11 | Ziggurat |
| 47:13 | Ziggurat |
| 47:15 | Ziggurat |
| Select group | 1750 |
| Misc. action | 1061 |
| Right click | 1038 |
| Select | 703 |
| Build/train/purchase | 206 |
| Assign group | 139 |
| Chat | 110 |
| Use ability | 100 |
| Minimap ping | 26 |
| Item give/drop | 10 |
| Esc | 8 |


| Rod of Necromancy | 1 | 150 |
| Sacrificial Skull | 1 | 50 |
| Potion of Healing | 1 | 150 |
| Scroll of Town Portal | 6 | 2100 |
| Dust of Appearance | 1 | 75 |
| Boots of Speed | 2 | 500 |
| Potion of Lesser Invulnerability | 2 | 300 |
| total: | 14 | 3325g |
| Acolyte | 23 | 1725 | / | 0 |
| Ghoul | 7 | 840 | / | 0 |
| Crypt Fiend | 13 | 2795 | / | 520 |
| Obsidian Statue | 6 | 1200 | / | 210 |
| Frost Wyrm | 11 | 4235 | / | 1320 |
| total: | 60 | 10795g | / | 2050w |
| Nerubian Tower | 2 | 200 | / | 40 |
| Spirit Tower | 8 | 1160 | / | 320 |
| Graveyard | 1 | 215 | / | 0 |
| Crypt | 1 | 200 | / | 50 |
| Altar of Darkness | 1 | 180 | / | 50 |
| Ziggurat | 16 | 2400 | / | 800 |
| Tomb of Relics | 1 | 130 | / | 30 |
| Necropolis | 4 | 900 | / | 0 |
| Slaughterhouse | 1 | 140 | / | 135 |
| Boneyard | 3 | 525 | / | 600 |
| Halls of the Dead | 2 | 640 | / | 420 |
| Black Citadel | 1 | 325 | / | 230 |
| total: | 28 | 4690g | / | 1665w |
| 0:01 | Acolyte |
| 0:04 | Acolyte |
| 0:33 | Graveyard |
| 0:37 | Crypt |
| 0:41 | Altar of Darkness |
| 0:56 | Ziggurat |
| 1:09 | Tomb of Relics |
| 1:40 | Ghoul |
| 1:54 | Crypt Fiend |
| 1:58 | Ziggurat |
| 2:20 | Crypt Fiend |
| 2:44 | Carrion Beetles |
| 2:47 | Rod of Necromancy |
| 2:48 | Sacrificial Skull |
| 3:04 | Crypt Fiend |
| 3:35 | Ghoul |
| 3:37 | Acolyte |
| 3:37 | Acolyte |
| 3:38 | Acolyte |
| 3:38 | Acolyte |
| 3:53 | Impale |
| 4:04 | Acolyte |
| 4:05 | Acolyte |
| 4:52 | Ziggurat |
| 4:56 | Halls of the Dead |
| 5:04 | Acolyte |
| 5:24 | Halls of the Dead |
| 5:33 | Ziggurat |
| 5:42 | Carrion Beetles |
| 5:44 | Ziggurat |
| 6:03 | Ghoul |
| 6:21 | Ghoul |
| 6:23 | Ghoul |
| 6:42 | Ghoul |
| 6:58 | Nerubian Tower |
| 7:00 | Spirit Tower |
| 7:18 | Boots of Speed |
| 7:20 | Impale |
| 7:31 | Ghoul |
| 7:40 | Ziggurat |
| 7:42 | Ziggurat |
| 7:49 | Black Citadel |
| 8:05 | Slaughterhouse |
| 8:26 | Rain of Fire |
| 8:27 | Web |
| 8:37 | Boots of Speed |
| 8:38 | Potion of Lesser Invulnerability |
| 9:20 | Obsidian Statue |
| 9:55 | Cleaving Attack |
| 10:33 | Ghoul Frenzy |
| 10:34 | Destroyer Form |
| 10:38 | Boneyard |
| 10:40 | Boneyard |
| 10:41 | Boneyard |
| 10:43 | Ziggurat |
| 10:44 | Ziggurat |
| 11:09 | Scroll of Town Portal |
| 11:14 | Creature Attack |
| 11:14 | Creature Carapace |
| 11:18 | Spirit Tower |
| 11:21 | Dust of Appearance |
| 11:55 | Frost Wyrm |
| 11:57 | Frost Wyrm |
| 12:01 | Frost Wyrm |
| 12:03 | Freezing Breath |
| 12:08 | Obsidian Statue |
| 12:17 | Frost Wyrm |
| 12:28 | Improved Creature Attack |
| 13:19 | Improved Creature Carapace |
| 14:42 | Potion of Lesser Invulnerability |
| 14:47 | Nerubian Tower |
| 15:01 | Acolyte |
| 15:32 | Scroll of Town Portal |
| 15:37 | Crypt Fiend |
| 15:37 | Crypt Fiend |
| 15:41 | Impale |
| 15:43 | Acolyte |
| 15:43 | Acolyte |
| 15:58 | Necropolis |
| 16:01 | Ziggurat |
| 16:02 | Ziggurat |
| 16:23 | Spirit Tower |
| 16:42 | Crypt Fiend |
| 17:03 | Spirit Tower |
| 18:42 | Spirit Tower |
| 18:44 | Spirit Tower |
| 18:59 | Crypt Fiend |
| 19:00 | Crypt Fiend |
| 19:38 | Scroll of Town Portal |
| 20:07 | Crypt Fiend |
| 20:07 | Crypt Fiend |
| 20:16 | Rain of Fire |
| 22:00 | Frost Wyrm |
| 22:02 | Frost Wyrm |
| 22:54 | Necropolis |
| 24:48 | Ziggurat |
| 24:49 | Ziggurat |
| 26:59 | Cleaving Attack |
| 27:02 | Obsidian Statue |
| 27:04 | Frost Wyrm |
| 27:08 | Scroll of Town Portal |
| 27:13 | Spirit Tower |
| 27:20 | Cleaving Attack |
| 27:28 | Obsidian Statue |
| 27:52 | Spirit Tower |
| 30:07 | Crypt Fiend |
| 30:12 | Obsidian Statue |
| 30:59 | Acolyte |
| 31:40 | Scroll of Town Portal |
| 32:42 | Potion of Healing |
| 32:45 | Obsidian Statue |
| 32:52 | Necropolis |
| 32:54 | Spiked Carapace |
| 33:30 | Crypt Fiend |
| 33:48 | Crypt Fiend |
| 34:49 | Acolyte |
| 34:49 | Acolyte |
| 34:49 | Acolyte |
| 34:50 | Acolyte |
| 34:55 | Frost Wyrm |
| 35:10 | Acolyte |
| 35:23 | Scroll of Town Portal |
| 35:41 | Acolyte |
| 35:41 | Acolyte |
| 35:41 | Acolyte |
| 35:41 | Acolyte |
| 35:56 | Frost Wyrm |
| 36:44 | Frost Wyrm |
| 36:46 | Frost Wyrm |
| 36:51 | Rain of Fire |
| 38:42 | Necropolis |
| 45:38 | Acolyte |
| 46:06 | Ziggurat |
| 46:07 | Ziggurat |
| 46:09 | Ziggurat |
| Select group | 1320 |
| Right click | 471 |
| Select | 443 |
| Misc. action | 196 |
| Build/train/purchase | 139 |
| Assign group | 54 |
| Use ability | 54 |
| Item give/drop | 5 |
| Esc | 3 |
| Minimap ping | 2 |
| Remove unit | 1 |


| Scroll of Regeneration | 8 | 800 |
| Potion of Healing | 2 | 300 |
| Lesser Clarity Potion | 3 | 210 |
| Orb of Fire | 1 | 325 |
| Staff of Sanctuary | 1 | 250 |
| Scroll of Town Portal | 1 | 350 |
| total: | 16 | 2235g |
| Peasant | 14 | 1050 | / | 0 |
| Footman | 6 | 810 | / | 0 |
| Rifleman | 8 | 1640 | / | 240 |
| Priest | 2 | 270 | / | 20 |
| Knight | 2 | 490 | / | 120 |
| Mortar Team | 7 | 1260 | / | 490 |
| Flying Machine | 1 | 100 | / | 30 |
| total: | 40 | 5620g | / | 900w |
| Scout Tower | 15 | 450 | / | 300 |
| Arcane Tower | 1 | 70 | / | 50 |
| Guard Tower | 8 | 560 | / | 400 |
| Altar of Kings | 2 | 360 | / | 100 |
| Farm | 10 | 800 | / | 200 |
| Barracks | 4 | 640 | / | 240 |
| Arcane Vault | 1 | 130 | / | 30 |
| Lumber Mill | 1 | 120 | / | 0 |
| Blacksmith | 2 | 280 | / | 120 |
| Town Hall | 5 | 1925 | / | 1025 |
| Arcane Sanctum | 1 | 150 | / | 140 |
| Workshop | 2 | 280 | / | 280 |
| Keep | 3 | 960 | / | 630 |
| Castle | 2 | 720 | / | 420 |
| total: | 43 | 5135g | / | 2435w |
| 0:07 | Peasant |
| 0:10 | Altar of Kings |
| 0:13 | Farm |
| 0:21 | Peasant |
| 0:24 | Barracks |
| 0:46 | Peasant |
| 0:48 | Farm |
| 0:58 | Peasant |
| 1:26 | Footman |
| 1:31 | Peasant |
| 1:47 | Scout Tower |
| 1:49 | Peasant |
| 1:51 | Footman |
| 2:02 | Arcane Vault |
| 2:09 | Summon Water Elemental |
| 2:12 | Footman |
| 2:29 | Arcane Tower |
| 2:30 | Peasant |
| 2:56 | Peasant |
| 3:02 | Farm |
| 3:06 | Farm |
| 3:24 | Lumber Mill |
| 3:27 | Brilliance Aura |
| 3:39 | Keep |
| 3:41 | Scroll of Regeneration |
| 3:43 | Scroll of Regeneration |
| 3:57 | Footman |
| 4:10 | Blacksmith |
| 4:21 | Footman |
| 5:12 | Scout Tower |
| 5:13 | Scout Tower |
| 5:26 | Improved Lumber Harvesting |
| 5:30 | Barracks |
| 5:42 | Footman |
| 6:06 | Guard Tower |
| 6:09 | Iron Plating |
| 6:11 | Guard Tower |
| 6:27 | Scroll of Regeneration |
| 6:33 | Black Gunpowder |
| 6:37 | Peasant |
| 6:39 | Peasant |
| 6:49 | Farm |
| 6:55 | Farm |
| 7:20 | Scroll of Regeneration |
| 7:20 | Potion of Healing |
| 7:23 | Lesser Clarity Potion |
| 7:24 | Storm Bolt |
| 7:40 | Rifleman |
| 7:55 | Long Rifles |
| 8:13 | Rifleman |
| 8:36 | Rifleman |
| 9:26 | Rifleman |
| 9:27 | Defend |
| 9:29 | Summon Water Elemental |
| 9:39 | Bash |
| 9:48 | Arcane Sanctum |
| 10:05 | Town Hall |
| 11:11 | Rifleman |
| 11:13 | Rifleman |
| 11:20 | Farm |
| 11:22 | Farm |
| 12:12 | Storm Bolt |
| 12:20 | Castle |
| 13:24 | Priest |
| 13:24 | Priest |
| 13:31 | Scout Tower |
| 13:32 | Scout Tower |
| 13:33 | Scout Tower |
| 13:34 | Scout Tower |
| 13:35 | Peasant |
| 13:36 | Peasant |
| 13:36 | Peasant |
| 13:36 | Peasant |
| 13:49 | Steel Plating |
| 13:49 | Refined Gunpowder |
| 14:11 | Brilliance Aura |
| 14:22 | Guard Tower |
| 14:59 | Knight |
| 15:02 | Animal War Training |
| 15:04 | Knight |
| 15:18 | Workshop |
| 17:47 | Guard Tower |
| 18:06 | Town Hall |
| 18:55 | Town Hall |
| 20:32 | Farm |
| 20:33 | Farm |
| 21:30 | Scout Tower |
| 21:31 | Scout Tower |
| 21:33 | Scout Tower |
| 21:34 | Scout Tower |
| 21:35 | Scout Tower |
| 21:38 | Town Hall |
| 22:31 | Scout Tower |
| 22:33 | Scout Tower |
| 22:35 | Scout Tower |
| 22:48 | Mortar Team |
| 22:49 | Mortar Team |
| 22:54 | Studded Leather Armor |
| 22:56 | Keep |
| 23:03 | Scroll of Regeneration |
| 23:03 | Guard Tower |
| 23:27 | Guard Tower |
| 23:32 | Guard Tower |
| 23:45 | Mortar Team |
| 23:48 | Improved Masonry |
| 24:08 | Guard Tower |
| 26:27 | Town Hall |
| 26:29 | Keep |
| 26:31 | Bash |
| 27:19 | Summon Water Elemental |
| 27:55 | Altar of Kings |
| 28:57 | Storm Bolt |
| 29:10 | Storm Bolt |
| 29:36 | Barracks |
| 29:39 | Barracks |
| 29:47 | Blacksmith |
| 30:01 | Scroll of Regeneration |
| 30:03 | Scroll of Town Portal |
| 30:06 | Potion of Healing |
| 30:06 | Lesser Clarity Potion |
| 30:08 | Scroll of Regeneration |
| 30:11 | Castle |
| 31:08 | Rifleman |
| 31:17 | Reinforced Leather Armor |
| 31:39 | Scroll of Regeneration |
| 31:41 | Lesser Clarity Potion |
| 32:02 | Rifleman |
| 32:06 | Workshop |
| 33:17 | Avatar |
| 33:31 | Mortar Team |
| 33:31 | Mortar Team |
| 35:44 | Mortar Team |
| 36:29 | Orb of Fire |
| 36:30 | Staff of Sanctuary |
| 37:57 | Mortar Team |
| 37:57 | Fragmentation Shards |
| 38:02 | Flying Machine |
| 38:35 | Flare |
| 44:17 | Flying Machine Bombs |
| 44:18 | Flak Cannons |
| Select group | 1643 |
| Right click | 1312 |
| Select | 622 |
| Misc. action | 356 |
| Build/train/purchase | 175 |
| Assign group | 115 |
| Use ability | 36 |
| Minimap ping | 7 |
| Resource trade | 6 |
| Item give/drop | 3 |
| Esc | 1 |
⇛